 Dungeon Crawl Stone Soup version 0.29-a0-322-g68df515428 (webtiles) character file.

Game seed: 66074385560310756

749 Bnni the Sneak (level 7, -5/49 HPs)
             Began as an Octopode Brigand on Apr 6, 2022.
             Slain by a yak (9 damage)
             ... on level 4 of the Dungeon.
             The game lasted 00:08:33 (3494 turns).

Bnni the Sneak (Octopode Brigand)                   Turns: 3494, Time: 00:08:34

Health: -5/49      AC:  1    Str: 10    XL:     7   Next: 77%
Magic:  7/7        EV: 12    Int: 14    God:
Gold:   143        SH:  4    Dex: 15    Spells: 6/6 levels left

rFire   + . .      SeeInvis .   e - +8 club (spect)
rCold   . . .      Faith    .   r - +0 buckler
rNeg    . . .      Spirit   .   (helmet restricted)
rPois   .          Reflect  .   (no amulet)
rElec   .          Harm     .   d - ring of protection from fire
rCorr   .          Rampage  .   (no ring)
Will    .....                   (no ring)
Stlth   +++++.....              (no ring)
HPRegen 0.16/turn               (no ring)
MPRegen 0.10/turn               (no ring)
                                (no ring)
                                (no ring)

@: no status effects
A: almost no armour, amphibious, 8 rings, camouflage 1, gelatinous body 1,
(nimble swimmer 1), tentacles
a: no special abilities


You were on level 4 of the Dungeon.
You visited 1 branch of the dungeon, and saw 4 of its levels.

You collected 143 gold pieces.

Inventory:

Hand Weapons
 a - a +2 dagger
 e - a +8 spectral club (weapon)
 i - a +1 spear of freezing
Missiles
 b - 14 poisoned darts (quivered)
 c - 3 curare-tipped darts
Armour
 r - a +0 buckler (worn)
Jewellery
 d - a ring of protection from fire (left tentacle)
Scrolls
 f - a scroll of magic mapping {unknown}
 h - 3 scrolls of amnesia
 j - 2 scrolls of teleportation {unknown}
 k - a scroll of blinking {unknown}
 m - 2 scrolls of enchant weapon {unknown}
 n - a scroll of enchant armour {unknown}
 o - a scroll of holy word {unknown}
 s - 2 scrolls of noise {unknown}
 t - a scroll of brand weapon {unknown}
 u - a scroll of summoning {unknown}
Potions
 g - a potion of degeneration {unknown}
 l - a potion of brilliance
 p - a potion of lignification
 q - a potion of might {unknown}
 v - a potion of attraction {unknown}


   Skills:
 + Level 4.4 Fighting
 * Level 5.9 Short Blades
 - Level 2.0 Throwing
 - Level 1.0 Dodging
 + Level 7.7 Stealth
 - Level 2.0 Shields


You had 6 spell levels left.
You didn't know any spells.
Your spell library was empty.

Dungeon Overview and Level Annotations

Branches:
Dungeon (4/15)
 Temple: D:4-7

Altars:
Ashenzari
Sif Muna
Zin


Innate Abilities, Weirdness & Mutations

You cannot wear most types of armour.
You are amphibious.
You can wear up to eight rings at the same time.
Your skin changes colour to match your surroundings (Stealth+).
Your rubbery body absorbs attacks. (AC +1, EV +1)
((You are camouflaged when in or above water. (Stealth+)))
You have tentacles for arms and can constrict up to eight enemies at once.


Message History

The yak is severely wounded.
The yak barely misses you.
You barely miss the yak.
The yak is severely wounded.
The yak gores you.
* * * LOW HITPOINT WARNING * * *
You hit the yak but do no damage.
The yak is severely wounded.
Your transformation is almost over.
The yak gores you!
* * * LOW HITPOINT WARNING * * *
The yak gores you but does no damage.
It was a potion of curing.
You feel better. The yak gores you but does no damage.
You hit the yak but do no damage.
The yak is severely wounded.
The yak gores you.
* * * LOW HITPOINT WARNING * * *
You sock the yak!
The yak is almost dead.
The yak gores you.
* * * LOW HITPOINT WARNING * * *
The yak gores you but does no damage.
You feel better. The yak gores you.
* * * LOW HITPOINT WARNING * * *
You completely miss the yak.
The yak is almost dead.
The yak gores you!
* * * LOW HITPOINT WARNING * * *
You sock the yak!
You kill the yak!
You feel better.
You feel less wooden. The yak barely misses you.
You thump the yak! Your squeeze misses the yak.
The yak is moderately wounded.
The yak gores you!
* * * LOW HITPOINT WARNING * * *
The yak gores you!
You die...

...########.# ## #...# #.###
..(...#.###### #.#
............# #.#
....?.......##### #.#
...........##.. #.#
..Y.......##.# #.###
#.....Y..##@# #.#.#...#
#........##Y### #.#.###.####
#......)......###.#.###.##..
###...........................
#....................###.###..
#.......#..............#.#....
#.......#............###.#.#..
#.......#.....(......#.....#.#
#.......#.......###..#.#.###..


You could see a yak.

Vanquished Creatures
  2 yaks (D:4)
  A necrophage (D:3)
  2 jellies (D:4)
  An orc priest (D:4)
  Jessica (D:3)
  2 iguanas (D:4)
  3 orc wizards (D:4)
  5 adders
  2 dart slugs (D:1)
  15 orcs
  4 ball pythons
  5 endoplasms
  6 giant cockroaches
  5 goblins
  9 hobgoblins
  4 jackals (D:1)
  3 quokkas
  4 bats
  4 frilled lizards
  5 kobolds
  7 rats
90 creatures vanquished.

Vanquished Creatures (others)
  3 toadstools (D:4)
3 creatures vanquished.

Grand Total: 93 creatures vanquished

Notes
Turn   | Place    | Note
-------+----------+-------------------------------------------
     0 | D:1      | Bnni the Octopode Brigand began the quest for the Orb.
     0 | D:1      | Reached XP level 1. HP: 14/14 MP: 1/1
   216 | D:1      | Reached XP level 2. HP: 13/19 MP: 2/2
   615 | D:1      | You fall into a shaft and drop 1 floor!
   619 | D:2      | Reached XP level 3. HP: 25/25 MP: 3/3
  1480 | D:2      | Reached XP level 4. HP: 20/30 MP: 4/4
  1754 | D:2      | Reached skill level 6 in Stealth
  1774 | D:2      | Found a faded altar of an unknown god.
  2058 | D:3      | Found a glowing silver altar of Zin.
  2384 | D:3      | Found a shimmering blue altar of Sif Muna.
  2399 | D:3      | HP: 1/30 [orc/+0 short sword (5)]
  2429 | D:3      | Found a broken altar of Ashenzari.
  2450 | D:3      | Identified the +2 leather armour "Neunuet" {Slay+2}
  2473 | D:3      | Noticed Jessica
  2480 | D:3      | Killed Jessica
  2481 | D:3      | Reached XP level 5. HP: 36/36 MP: 5/5
  2506 | D:3      | Reached skill level 1 in Shields
  3155 | D:4      | Reached XP level 6. HP: 37/42 MP: 6/6
  3385 | D:4      | Reached skill level 7 in Stealth
  3393 | D:4      | Reached skill level 5 in Short Blades
  3393 | D:4      | Reached XP level 7. HP: 43/47 MP: 7/7
  3444 | D:4      | Noticed a yak
  3445 | D:4      | Noticed a yak
  3445 | D:4      | Noticed a yak
  3480 | D:4      | Killed a yak
  3486 | D:4      | HP: 2/72 [yak (12)]
  3492 | D:4      | Killed a yak
  3494 | D:4      | Slain by a yak

Illustrated notes

Levels and vault maps discovered:
D:1:      scummos_arrival_checkerplants, layout_basic, chequers_avenue
D:2:      layout_basic, shapermc_ecumenical_altar_acropolis
D:3:      layout_loops_ring, zin_treasury, mainiacjoe_overflow_big_doors,
          uniq_jessica
D:4:      layout_basic, serial_bayou_pond_c, minmay_gold_behind_fungi,
          minmay_misc_feat_roman

Skill      XL: |  1  2  3  4  5  6  7 |
---------------+----------------------+-----
Short Blades   | 3 4 5 |  5.9
Stealth        | 6 7 |  7.7
Fighting       | 3 4 |  4.4
Shields        | 2 |  2.0
Throwing       | |  2.0
Dodging        | |  1.0

Action                   |  1- 3 |  4- 6 |  7- 9 || total
-------------------------+-------+-------+-------++-------
Melee: Dagger            |    72 |    31 |       ||   103
       Constrict         |    18 |    21 |     3 ||    42
       Tentacles         |     8 |    21 |     2 ||    31
       Punch             |     1 |     2 |       ||     3
       Club              |       |    33 |    37 ||    70
  Use: Scroll            |       |     3 |       ||     3
       Potion            |       |     1 |     4 ||     5
 Stab: Sleeping          |    16 |    14 |       ||    30
Armor: Skin              |     4 |     2 |    19 ||    25
Dodge: Dodged            |    38 |    14 |     5 ||    57
Block: Buckler           |       |     5 |    10 ||    15

Table legend: (Time is in decaauts)
 A = Elapsed time spent in this place.
 B = Non-inter-level travel time spent in this place.
 C = Inter-level travel time spent in this place.
 D = Time resting spent in this place.
 E = Time spent auto-exploring this place.
 F = Levels seen in this place.
 G = Mean time per level.
                   A        B        C        D        E       F      G
               +--------+--------+--------+--------+--------+-----+--------+
         Total |   3503 |   3394 |    109 |    427 |   2382 |   4 |  875.8 |
       Dungeon |   3503 |   3394 |    109 |    427 |   2382 |   4 |  875.8 |
               +--------+--------+--------+--------+--------+-----+--------+

Top non-repeatable levels by time:
     D:1: 1336 daAuts
     D:3: 943 daAuts
     D:2: 697 daAuts
     D:4: 526 daAuts
